[Event "Early-Titled-Tuesday-Blitz-November-28-2023"]
[Site "Chess.com"]
[Date "2023.11.28"]
[Round "3"]
[White "LouieKov2022"]
[Black "chesstrainer2042"]
[Result "0-1"]
[WhiteElo "2599"]
[BlackElo "2525"]
[TimeControl "180+1"]
[EndTime "8:29:14 PST"]
[Termination "chesstrainer2042 won by checkmate"]

1. e4 e5 2. d4 exd4 3. Qxd4 Nc6 4. Qc4 Nf6 5. Nc3 Bb4 6. Bd2 O-O 7. O-O-O Re8 8. f3 h6 9. Nge2 d6 10. Nf4 a5 11. a3 Ne5 12. Qe2 Bc5 13. Be3 Bxe3+ 14. Qxe3 Bd7 15. h4 Qb8 16. g4 Nh7 17. g5 b5 18.
gxh6 b4 19. Nb1 g6 20. Rg1 Qb7 21. h5 g5 22. Nd5 Kh8 23. Rxg5 bxa3 24. Nxa3 Rab8 25.
b3 c6 26. Nc3 a4 27. Rg7 Qb4 28. Kb2 axb3 29. Qg1 bxc2+ 30. Kc1 Qb2+ 31. Kd2 c1=Q+ 32. Ke1 Qbd2# 0-1

[Event "Early-Titled-Tuesday-Blitz-November-28-2023"]
[Site "Chess.com"]
[Date "2023.11.28"]
[Round "3"]
[White "Viacheslav92"]
[Black "falzehope0"]
[Result "1-0"]
[WhiteElo "2568"]
[BlackElo "2358"]
[TimeControl "180+1"]
[EndTime "8:29:15 PST"]
[Termination "Viacheslav92 won by resignation"]

1. e4 d5 2. exd5 Nf6 3. d4 Qxd5 4. Nf3 Bg4 5. Be2 Nc6 6. O-O O-O-O 7. c3 Qh5 8. h3 e5 9. Bg5 Bxf3 10. Bxf3 Qxg5 11. Bxc6 bxc6 12. Qa4 exd4 13. Qxa7 Bc5 14. Qa6+ Kd7 15.
cxd4 Bxd4 16. Nc3 Rhe8 17. Rad1 c5 18. Nb5 Qd5 19. Qa4 Ke7 20. Nxc7 Qd6 21. Rfe1+ Kf8 22.
Nxe8 Nxe8 23. Qc2 Nf6 24. a3 g6 25. b4 Kg7 26. bxc5 Qd5 27. c6 Ne8 28. Re2 Bxf2+ 29. Kxf2 Qxd1 30. Qxd1 Rxd1 31. Rxe8 Rc1 32. Rc8 Kf6 33. c7 Ke7 34. a4 Kd7 35. Rf8 Rxc7 36. Rxf7+ Kc6 37. Rxc7+ Kxc7 38. Kf3 Kb6 39. Kf4 h6 40.
Ke5 Ka5 41. Kf6 g5 42. Kg6 Kxa4 43. Kxh6 Kb5 44. Kxg5 Kc6 45. Kf6 Kd7 46. Kf7 Kd6 47.
h4 Ke5 48. h5 Kf4 49. h6 Kg5 50. h7 Kg4 51. h8=Q Kg3 52. Qg7+ Kh4 53. Kf6 1-0

[Event "Early-Titled-Tuesday-Blitz-November-28-2023"]
[Site "Chess.com"]
[Date "2023.11.28"]
[Round "3"]
[White "snowlord"]
[Black "elohunter1999"]
[Result "0-1"]
[WhiteElo "2875"]
[BlackElo "2725"]
[TimeControl "180+1"]
[EndTime "8:29:16 PST"]
[Termination "elohunter1999 won on time"]

1. e4 c5 2. Nf3 e6 3. Nc3 a6 4. g3 b5 5. d4 cxd4 6. Nxd4 Qc7 7. Bg2 Bb7 8. O-O b4 9. Nd5 exd5 10. exd5 Nf6 11. Re1+ Kd8 12. c4 Bc5 13. Nb3 d6 14.
Nxc5 dxc5 15. Bf4 Qb6 16. a3 a5 17. axb4 axb4 18. Bxb8 Rxb8 19. Qd2 Qd6 20. Qg5 h6 21. Qd2 Re8 22. Ra5 Rxe1+ 23. Qxe1 Kc7 24. Qe3 Re8 25. Qxc5+ Qxc5 26. Rxc5+ Kd6 27. Rb5 Re1+ 28. Bf1 Bc8 29. Kg2 Ne4 30. Rb6+ Ke5 31. Bd3 Ng5 32. f4+ Kd4 33. fxg5 Kxd3 34. gxh6 gxh6 35. Rc6 Bg4 36. d6 Re2+ 37. Kg1 Ke3 38. Rc5 Bf3 39. Re5+ Be4 40. Rxe4+ Kxe4 41. c5 Rd2 0-1

[Event "Early-Titled-Tuesday-Blitz-November-28-2023"]
[Site "Chess.com"]
[Date "2023.11.28"]
[Round "3"]
[White "jk13"]
[Black "ContrVersia"]
[Result "0-1"]
[WhiteElo "2618"]
[BlackElo "2886"]
[TimeControl "180+1"]
[EndTime "8:29:16 PST"]
[Termination "ContrVersia won by checkmate"]

1. e4 c5 2. c3 a6 3. Nf3 d5 4. exd5 Qxd5 5. d4 Bg4 6. dxc5 Qxc5 7. Be3 Qc7 8. Nbd2 Nf6 9. a4 Nbd7 10. a5 Nd5 11. Bg5 f6 12. Bh4 e5 13. Qa4 Be6 14. Bd3 O-O-O 15. Qc2 h5 16. h3 Nf4 17. Bf5 Nxg2+ 18.
Kf1 Nf4 19. Bxe6 Nxe6 20. Ra4 Kb8 21. Bg3 Ndc5 22. Rc4 Qc6 23. Ke2 h4 24. Bh2 Qd5 25.
Rd1 Be7 26. b4 Nd3 27. Kf1 g5 28. Re4 Ndf4 29. Re3 Qd7 30. Qf5 Ka8 31. Rb1 Nd5 32. Ree1 Nxc3 33. Rbc1 Qd3+ 34. Qxd3 Rxd3 35. Bxe5 fxe5 36.
Nxe5 Rxd2 37. Ng6 Bxb4 38. Nxh8 Nf4 39. Re3 Bxa5 40. Rf3 b5 41. Nf7 b4 42. Nxg5 Ncd5 43. Rc5 Rd1# 0-1

[Event "Early-Titled-Tuesday-Blitz-November-28-2023"]
[Site "Chess.com"]
[Date "2023.11.28"]
[Round "3"]
[White "wannabe2700"]
[Black "kubal123"]
[Result "0-1"]
[WhiteElo "2610"]
[BlackElo "2500"]
[TimeControl "180+1"]
[EndTime "8:29:16 PST"]
[Termination "kubal123 won on time"]

1. e4 c5 2. Nf3 e6 3. g4 d5 4. e5 Nc6 5. Bg2 h5 6. g5 Nxe5 7. Nxe5 Qxg5 8. Qe2 Qxg2 9. Rf1 Nf6 10. Qb5+ Nd7 11.
Nxd7 Bxd7 12. Qxb7 Rd8 13. Qxa7 Qe4+ 14. Kd1 Qg4+ 15. Ke1 Qe4+ 16. Kd1 Qf3+ 17. Ke1 h4 18. d3 Rh5 19. Be3 d4 20. Nd2 Qf5 21. Ne4 dxe3 22. fxe3 Qd5 23. Ke2 Rf5 24. Qc7 Qe5 25. Qb7 Qxh2+ 26. Rf2 Rxf2+ 27. Nxf2 Bd6 28. Rh1 Qg3 29.
Rh3 Qg5 30. a4 Rb8 31. Qf3 Rxb2 32. Ne4 Qe7 33. Rxh4 Qxh4 34. Nxd6+ Ke7 35. Qxf7+ Kxd6 36. Qf8+ Qe7 37. Qf4+ e5 38. Qc4 Rb4 39. Qa6+ Bc6 0-1

[Event "Early-Titled-Tuesday-Blitz-November-28-2023"]
[Site "Chess.com"]
[Date "2023.11.28"]
[Round "3"]
[White "MIss_MIaMI"]
[Black "hakanazeri2"]
[Result "1-0"]
[WhiteElo "2401"]
[BlackElo "2561"]
[TimeControl "180+1"]
[EndTime "8:29:16 PST"]
[Termination "MIss_MIaMI won by resignation"]

1. e4 c5 2. Nf3 d6 3. d4 cxd4 4. c3 Nf6 5. Bd3 dxc3 6. Nxc3 Nc6 7. h3 g6 8. O-O Bg7 9. Re1 O-O 10. Qe2 a6 11.
Rd1 b5 12. e5 Nxe5 13. Nxe5 dxe5 14. Be4 Nxe4 15. Rxd8 Rxd8 16. Qxe4 Rb8 17. Be3 Bb7 18. Qh4 b4 19. Na4 Bf6 20. Bg5 Rd4 21. Qg3 Bg7 22.
Bxe7 Bc6 23. Nc5 a5 24. Rc1 Re8 25. Bg5 Bb5 26. Be3 Rdd8 27. Nb7 Rc8 28. Rxc8 Rxc8 29. Nd6 Rb8 30. Nxb5 Rxb5 31. b3 h5 32. Qf3 f5 33.
Qc6 Rb8 34. Qe6+ Kh7 35. g3 Rd8 36. Kg2 Rd1 37. Qb6 a4 38. bxa4 Ra1 39. Qxb4 Rxa2 40. a5 f4 41. gxf4 exf4 42. Bxf4 Rb2 43. Qe7 Ra2 44.
Be5 1-0

[Event "Early-Titled-Tuesday-Blitz-November-28-2023"]
[Site "Chess.com"]
[Date "2023.11.28"]
[Round "3"]
[White "PabloZarnicki"]
[Black "becemix"]
[Result "0-1"]
[WhiteElo "2542"]
[BlackElo "2357"]
[TimeControl "180+1"]
[EndTime "8:29:16 PST"]
[Termination "becemix won on time"]

1. e4 c5 2. Nf3 d6 3. Bb5+ Nd7 4. d4 cxd4 5. Qxd4 a6 6. Bxd7+ Bxd7 7. Nc3 Bc6 8. Bg5 Nf6 9. O-O-O Qa5 10. Bxf6 gxf6 11. Kb1 e6 12. Qxf6 Rg8 13. Qh4 Rxg2 14. Rhg1 Rxg1 15.
Rxg1 b5 16. Nd4 Bb7 17. Rg8 b4 18. Nce2 Qe5 19. f3 h5 20. b3 Rc8 21. Rg5 Be7 22.
Rxe5 Bxh4 23. Rxh5 Bf6 24. Rh6 Ke7 25. Rh5 Rg8 26. c3 bxc3 27. Kc2 Rg2 28. Kd3 Be5 29. Nxc3 Bxh2 30. Ra5 Be5 31. Nde2 f5 32. Ra4 f4 33. Rb4 Bc6 34. Rb6 Bd7 35. Rxa6 Rxe2 36. Kxe2 Bxc3 37. Ra7 Bd4 38. Rb7 Kd8 39. a4 e5 40. Rb4 Be6 41. Kd3 Bc5 42. Rb5 Kc7 43. a5 Bd7 0-1

[Event "Early-Titled-Tuesday-Blitz-November-28-2023"]
[Site "Chess.com"]
[Date "2023.11.28"]
[Round "3"]
[White "Elsa167"]
[Black "carokannlover213"]
[Result "1-0"]
[WhiteElo "2906"]
[BlackElo "2688"]
[TimeControl "180+1"]
[EndTime "8:29:18 PST"]
[Termination "Elsa167 won by resignation"]

1. d4 Nf6 2. c4 e6 3. Nf3 d5 4. Nc3 Bb4 5. Bg5 h6 6. Bxf6 Qxf6 7. e3 O-O 8. Rc1 c5 9. cxd5 exd5 10.
dxc5 Rd8 11. Qd4 Nc6 12. Qxf6 gxf6 13. a3 Bxc5 14. Nb5 Bb6 15. Be2 f5 16. g3 a6 17.
Nbd4 Nxd4 18. Nxd4 Bxd4 19. exd4 f4 20. Kd2 Bf5 21.
Rc7 Rac8 22. Rhc1 Rxc7 23. Rxc7 Rc8 24. Rxb7 Rc2+ 25. Kd1 f3 26. Bxf3 Rxf2 27. Bxd5 Bg6 28. h4 Rf1+ 29. Ke2 Rg1 30. Kf2 Rd1 31. Bc4 a5 32. d5 Rd4 33. b3 a4 34. Ke3 Re4+ 35. Kf3 Rd4 36. Rb4 axb3 37. Bxb3 Rd3+ 38. Kf4 Kf8 39. a4 Ke7 40. a5 Rc3 41. a6 Rc8 42.
Ke5 f6+ 43. Kd4 Ra8 44. Bc4 Be8 45. Rb7+ Kd6 46. Rb6+ Ke7 47. d6+ Kd8 48. Bd5 Ra7 49.
Rb8+ Kd7 50. Rb7+ Kxd6 51. Rxa7 Bc6 52. Bxc6 f5 53. Rd7+ Ke6 54. a7 f4 55. a8=Q fxg3 56. Qe8+ Kf5 57. Qe5+ 1-0

[Event "Early-Titled-Tuesday-Blitz-November-28-2023"]
[Site "Chess.com"]
[Date "2023.11.28"]
[Round "3"]
[White "ural58"]
[Black "wadsy27"]
[Result "0-1"]
[WhiteElo "2459"]
[BlackElo "2629"]
[TimeControl "180+1"]
[EndTime "8:29:18 PST"]
[Termination "wadsy27 won by checkmate"]

1. e4 Nc6 2. Nf3 d6 3. d4 g6 4. d5 Nb8 5. h4 Nf6 6. Bd3 Bg4 7. c4 Nbd7 8. Be3 Bg7 9. Nc3 O-O 10. Qb3 b6 11. Na4 Nc5 12. Nxc5 bxc5 13. Qa3 Rb8 14. Rb1 c6 15. Nd2 Qb6 16. f3 Bd7 17. b3 a5 18. O-O Qb4 19. Qc1 Nh5 20. f4 e6 21.
g4 Nf6 22. dxe6 Nxg4 23. exd7 Nxe3 24. Rf3 Bd4 25. Kh1 Qb7 26. f5 Qxd7 27. Qe1 Ng4 28. Rf4 Ne5 29. Be2 gxf5 30. Rxf5 Kh8 31. Nf3 Nxf3 32.
Bxf3 Rg8 33. Bh5 f6 34. Qe2 Rg3 35. Rbf1 Rbg8 36. R1f3 Rg1+ 37. Kh2 Be5+ 38. Rxe5 fxe5 39. Rf5 Qg7 40. Rg5 Rxg5 41. hxg5 Qxg5 42. Bf3 Qg1+ 43.
Kh3 Qg3# 0-1

[Event "Early-Titled-Tuesday-Blitz-November-28-2023"]
[Site "Chess.com"]
[Date "2023.11.28"]
[Round "3"]
[White "RamonManon0g"]
[Black "BigAl"]
[Result "0-1"]
[WhiteElo "2340"]
[BlackElo "2557"]
[TimeControl "180+1"]
[EndTime "8:29:22 PST"]
[Termination "BigAl won by resignation"]

1. e4 c6 2. d4 d5 3. e5 Bf5 4.
Nd2 e6 5. Nb3 Ne7 6. Nf3 Ng6 7.
Be2 Nd7 8. O-O f6 9. exf6 Qxf6 10. c4 Bd6 11. Bg5 Qf7 12. cxd5 exd5 13. Bd3 O-O 14. Bxf5 Qxf5 15. Re1 h6 16. Be3 Nf6 17. h3 Nf4 18.
Ne5 Bxe5 19. dxe5 Qxe5 20. Qf3 Ne4 21. Nc5 Ne6 22. Nd7 Rxf3 23. Nxe5 Rf5 24. Nf3 c5 25. Rad1 Rd8 26. Nh4 Rf7 27. b4 Nc3 28. Rd2 d4 29.
Bxh6 gxh6 30. Rxe6 cxb4 31. Rxh6 d3 32. Rg6+ Kf8 33.
Rh6 Ne4 34. Rd1 Kg7 35. Rg6+ Kh7 36. f3 Nc3 37. Rd2 Re7 38. Kf2 Re2+ 39. Rxe2 Nxe2 40. Re6 d2 41. Rxe2 d1=Q 42. Nf5 Rd2 43. Ng3 Rxe2+ 44. Nxe2 Qa1 45. g4 Qxa2 46. h4 b3 0-1

[Event "Early-Titled-Tuesday-Blitz-November-28-2023"]
[Site "Chess.com"]
[Date "2023.11.28"]
[Round "3"]
[White "Wizard_97"]
[Black "tusplingher"]
[Result "0-1"]
[WhiteElo "2639"]
[BlackElo "2513"]
[TimeControl "180+1"]
[EndTime "8:29:23 PST"]
[Termination "tusplingher won by resignation"]

1. e4 c5 2. Nf3 d6 3. d4 Nf6 4. Nc3 cxd4 5. Nxd4 a6 6. Be3 Ng4 7. Bc1 Nf6 8. f3 e6 9. Be3 b5 10. a3 Bb7 11. Qd2 Nbd7 12. Qf2 Rc8 13. O-O-O Rxc3 14. bxc3 d5 15. Kb2 Qa5 16. Ra1 Nc5 17. Nb3 Na4+ 18.
Kc1 Qxc3 19. Bd4 Qc7 20. e5 Nd7 21. f4 Be7 22. Bd3 Ndc5 23. Kb1 Ne4 24. Bxe4 dxe4 25. f5 exf5 26. Qxf5 g6 27. Qh3 O-O 28. e6 f6 29. Rf1 Rc8 30. Rf2 Bd5 31. Ka2 Qd6 32. Kb1 Bxb3 33. cxb3 Qxd4 34. bxa4 Qxf2 35. Qb3 Qe1+ 36.
Ka2 Qd2+ 37. Qb2 Rc2 38. Rb1 Rxb2+ 39. Rxb2 Qd5+ 40. Kb1 bxa4 41. Rb8+ Kg7 42. Rb2 Qxe6 43. Rb6 Qxb6+ 0-1

[Event "Early-Titled-Tuesday-Blitz-November-28-2023"]
[Site "Chess.com"]
[Date "2023.11.28"]
[Round "3"]
[White "Jamal-Jamal-Jamal"]
[Black "HalfIsCrayfish"]
[Result "1/2-1/2"]
[WhiteElo "2487"]
[BlackElo "2631"]
[TimeControl "180+1"]
[EndTime "8:29:23 PST"]
[Termination "Game drawn by repetition"]

1. d4 d5 2. c4 e6 3. Nf3 c6 4. e3 f5 5. g3 Nf6 6. Bg2 Bd6 7.
O-O O-O 8. b3 Qe7 9. a4 b6 10.
Ba3 c5 11. Nbd2 Bb7 12. Rc1 Nbd7 13. Qe2 Rac8 14. Rfd1 Ne4 15. h4 Rfd8 16. Nxe4 fxe4 17. Ng5 Rf8 18. Bh3 Rf6 19. Qg4 Nf8 20. dxc5 bxc5 21.
Bb2 Rg6 22. Qh5 h6 23. Nxe6 Bxg3 24. Nxf8 Bxf2+ 25. Kxf2 Rxf8+ 26. Ke2 Rg3 27. Rg1 Rff3 28. cxd5 Rxe3+ 29. Kd2 Ref3 30. Kc2 e3 31. Kb1 Qe4+ 32. Ka1 Bxd5 33. Rxg3 Rxg3 34. Bf5 Qe7 35. Bh7+ Kxh7 36. Qxd5 e2 37. Qf5+ Kh8 38. Qc8+ Kh7 39. Qf5+ Kh8 40. Re1 Rg2 41. Qc8+ Kh7 42. Qf5+ Kh8 43. Qc8+ Kh7 44.
Qf5+ Kh8 1/2-1/2

[Event "Early-Titled-Tuesday-Blitz-November-28-2023"]
[Site "Chess.com"]
[Date "2023.11.28"]
[Round "3"]
[White "Leo_C"]
[Black "brunoo2003"]
[Result "0-1"]
[WhiteElo "2595"]
[BlackElo "2468"]
[TimeControl "180+1"]
[EndTime "8:29:23 PST"]
[Termination "brunoo2003 won on time"]

1. e4 c5 2. Nf3 d6 3. d4 cxd4 4. Qxd4 Nf6 5. Nc3 a6 6. Bg5 e6 7.
e5 Nc6 8. Qa4 dxe5 9. Nxe5 Qc7 10.
Nxc6 bxc6 11. Bxf6 gxf6 12. Be2 Rb8 13. Bf3 Bd7 14.
O-O Bd6 15. Rad1 Rb4 16. Qxa6 Bxh2+ 17. Kh1 Rh4 18. Qa8+ Ke7 19. Rxd7+ Kxd7 20. Bxc6+ Ke7 21. Qb7 Qxb7 22. Bxb7 Rb8 23. Bf3 Rxb2 24. Ne2 Rxa2 25.
c4 Be5+ 26. Kg1 Rxc4 27. g3 Rcc2 28. Re1 Ra1 29. Rxa1 Bxa1 30. Kg2 f5 31. Nf4 Bd4 32. Ne2 Bc5 33. Bh5 Rb2 34. Kf1 Kf6 35. f4 h6 36.
Kg2 Rb3 37. Kf1 Ra3 38. Kg2 Ke7 39. Ng1 f6 40. Nf3 Ra2+ 41. Kh3 Ra3 42. Kg2 Bd6 0-1

[Event "Early-Titled-Tuesday-Blitz-November-28-2023"]
[Site "Chess.com"]
[Date "2023.11.28"]
[Round "3"]
[White "Politov_Pavel"]
[Black "Mourinho_Jose"]
[Result "0-1"]
[WhiteElo "2130"]
[BlackElo "2534"]
[TimeControl "180+1"]
[EndTime "8:29:23 PST"]
[Termination "Mourinho_Jose won on time"]

1. d4 d5 2. c4 e6 3. Nc3 Be7 4. cxd5 exd5 5. Nf3 c6 6. e3 Bf5 7. Qb3 Qb6 8. Be2 Nf6 9. Qd1 O-O 10. O-O Nbd7 11.
Bd3 Bg4 12. h3 Bh5 13. Be2 Rfe8 14. Nh4 Bxe2 15. Qxe2 Bf8 16. Nf5 g6 17. Ng3 h5 18.
Qf3 h4 19. Nge2 Ne4 20. Qg4 Qd8 21. Nxe4 Rxe4 22. Nf4 Bg7 23. f3 Re8 24. Bd2 Kh7 25. Rad1 Bh6 26. Rfe1 Rg8 27. e4 Nf6 28. Qxh4 g5 29. Qf2 gxf4 30. Qh4 Nd7 31. Qh5 Qg5 32.
Qxf7+ Rg7 33. Qf5+ Qxf5 34. exf5 Rag8 35. Re2 Nf6 36. Rde1 Nh5 37. Re7 Kh8 38. Rxg7 Rxg7 39. Re6 Kh7 40. Kf2 Rf7 41. Rd6 Ng7 42. f6 Nf5 43.
Re6 Nxd4 44. Re7 Kg6 45. Rxf7 Kxf7 46. Bc3 Nf5 47. Ke2 d4 48. Bd2 Kxf6 49. Kd3 Ke5 50. Kc4 Ne3+ 0-1

[Event "Early-Titled-Tuesday-Blitz-November-28-2023"]
[Site "Chess.com"]
[Date "2023.11.28"]
[Round "3"]
[White "YairParkhov"]
[Black "Good_Knight_Kiss"]
[Result "0-1"]
[WhiteElo "2604"]
[BlackElo "2330"]
[TimeControl "180+1"]
[EndTime "8:29:23 PST"]
[Termination "Good_Knight_Kiss won by checkmate"]

1. d4 Nf6 2. Nf3 g6 3. Nc3 Bg7 4. e4 d6 5. Be2 O-O 6. O-O e5 7.
dxe5 dxe5 8. Qxd8 Rxd8 9. Nxe5 Re8 10. Bf4 Nxe4 11. Nxe4 Bxe5 12. Bxe5 Rxe5 13. Bf3 Nc6 14. c3 Bf5 15. Ng3 Be6 16. Bxc6 bxc6 17. Rfe1 Rxe1+ 18. Rxe1 Bxa2 19. Ne4 a5 20. Nc5 Rb8 21. Re2 Bc4 22.
Rd2 Bd5 23. f3 Rb5 24. Na6 Rb7 25. Kf2 Kf8 26. Nc5 Rb5 27. Na6 Rb7 28. Ke3 Ke7 29.
Nc5 Rb5 30. Kd4 Kd6 31. Nd3 c5+ 32. Ke3 c4 33. Nf4 g5 34. Ne2 Ke5 35. Nd4 Rb6 36. Re2 Kf6 37. Rd2 Ke5 38. g3 f6 39.
Re2 Kd6 40. Nf5+ Kc5 41. Rd2 Re6+ 42. Kf2 Rb6 43. h4 gxh4 44. Nxh4 a4 45. Nf5 Rb3 46.
Nd4 a3 47. Nxb3+ cxb3 48. bxa3 Kc4 49. Ke3 c6 50. a4 Kxc3 51. a5 b2 52. Rxb2 Kxb2 53.
Kd4 Bxf3 54. Kc5 Be2 55. Kxc6 f5 56. Kb6 Kc3 57. Kc5 Kd2 58. Kd4 Bd3 59. Ke5 Ke2 60.
Kf4 Kf2 61. g4 fxg4 62. Kxg4 Ke3 63. Kh5 Kd4 64. a6 Bxa6 65. Kh6 Bd3 66. Kg5 Ke5 67. Kh4 Kf6 68. Kh3 Kg5 69. Kh2 h5 70. Kg1 h4 71.
Kh2 Kg4 72. Kg1 Kg3 73. Kh1 h3 74. Kg1 h2+ 75. Kh1 Be4# 0-1

[Event "Early-Titled-Tuesday-Blitz-November-28-2023"]
[Site "Chess.com"]
[Date "2023.11.28"]
[Round "3"]
[White "Matols"]
[Black "katharinareinecke"]
[Result "1-0"]
[WhiteElo "2348"]
[BlackElo "1975"]
[TimeControl "180+1"]
[EndTime "8:29:25 PST"]
[Termination "Matols won by resignation"]

1. d4 d5 2. c4 c6 3. Nf3 Nf6 4. Qb3 e6 5. g3 Be7 6. Bg2 O-O 7.
O-O Nbd7 8. Rd1 a6 9. Nbd2 b5 10.
c5 a5 11. Qc2 Ba6 12. e4 b4 13.
h4 dxe4 14. Nxe4 Nd5 15. Neg5 g6 16. Ne5 Nxe5 17. dxe5 Qc7 18. Re1 Rad8 19. Bd2 Rd7 20. Nf3 Rfd8 21. Bg5 Bxg5 22. hxg5 Ne7 23. Rad1 Bd3 24. Qc1 Bf5 25. Rd6 Qa7 26. Red1 Qc7 27. Qf4 Nd5 28. Qh4 a4 29. Kh2 a3 30. b3 Rxd6 31. exd6 Qd7 32. Ne5 Qe8 33. Rh1 Qf8 34. g4 Bc2 35. Rc1 Nf4 36. Rxc2 Nxg2 37. Kxg2 Qg7 38.
f4 Ra8 39. Qh6 Qh8 40. d7 f6 41. gxf6 Qxf6 42. Qg5 Qxg5 43. fxg5 Kg7 44. Nxc6 h6 45. d8=Q Rxd8 46. Nxd8 hxg5 47. Nxe6+ Kf6 48. c6 Kxe6 49.
c7 1-0

[Event "Early-Titled-Tuesday-Blitz-November-28-2023"]
[Site "Chess.com"]
[Date "2023.11.28"]
[Round "3"]
[White "Oleksandr_Bortnyk"]
[Black "Alexei_Gubajdullin"]
[Result "1-0"]
[WhiteElo "3058"]
[BlackElo "2672"]
[TimeControl "180+1"]
[EndTime "8:29:26 PST"]
[Termination "Oleksandr_Bortnyk won by resignation"]

1. e4 g6 2. d4 Bg7 3. Nf3 d6 4. Bc4 e6 5. Bb3 Ne7 6. c3 b6 7. O-O Bb7 8. Qe2 Nd7 9. Rd1 h6 10. h3 g5 11. Nbd2 Ng6 12. Nc4 Qf6 13. a4 Nf4 14. Qe3 Qg6 15. Bc2 Nf6 16. Re1 N6h5 17.
a5 g4 18. Nh4 Qg5 19. hxg4 Qxg4 20. g3 f5 21. a6 Bc6 22. d5 Bb5 23. b3 Bxc4 24.
bxc4 Bf6 25. Qf3 Nh3+ 26. Kg2 Bxh4 27. Qxg4 fxg4 28. gxh4 e5 29. Bd1 Rg8 30. Bxh6 N3f4+ 31. Kh2 Nd3 32. Rf1 Nxf2 33. Rxf2 g3+ 34. Kh3 gxf2 35. Bxh5+ Kd7 36. Bg4+ Ke7 37. Rf1 Raf8 38. Bxf8+ Rxf8 39. Bf5 Rg8 40. Rxf2 Rg1 41. h5 Rh1+ 42. Rh2 Ra1 43. h6 Kf8 44. h7 Kg7 45. Rg2+ 1-0

[Event "Early-Titled-Tuesday-Blitz-November-28-2023"]
[Site "Chess.com"]
[Date "2023.11.28"]
[Round "3"]
[White "anemih"]
[Black "pirulillo"]
[Result "0-1"]
[WhiteElo "2476"]
[BlackElo "2307"]
[TimeControl "180+1"]
[EndTime "8:29:26 PST"]
[Termination "pirulillo won on time"]

1. e4 c5 2. Nf3 e6 3. c4 d6 4. d4 cxd4 5. Nxd4 Nf6 6. f3 Be7 7. Nc3 O-O 8. Be3 a6 9. Be2 b6 10. O-O Bb7 11. Qd2 Qc7 12. Rac1 Nbd7 13. Rfd1 Rac8 14. b3 Qb8 15. Kh1 Bd8 16. Bg1 Bc7 17. Bf1 Kh8 18. Qf2 Rg8 19. g3 g5 20. Nde2 Rg6 21.
Bg2 h5 22. f4 Rcg8 23. f5 Rh6 24. fxe6 fxe6 25. Nd4 Ne5 26. Qd2 Qe8 27. Be3 Rhg6 28. Rf1 h4 29. Bxg5 Rxg5 30. Rxf6 Ng4 31. Rxe6 Qh5 32.
Nf5 hxg3 33. Qd4+ R5g7 34. h3 Bc8 35. Nxg7 Rxg7 36. Re7 Ne5 37. Rxg7 Kxg7 38. Nd5 Bxh3 39. Qe3 Bxg2+ 40. Kxg2 Qh2+ 41. Kf1 g2+ 42. Ke2 g1=Q+ 43. Qf2 Qgxf2+ 0-1

[Event "Early-Titled-Tuesday-Blitz-November-28-2023"]
[Site "Chess.com"]
[Date "2023.11.28"]
[Round "3"]
[White "abykhovsky"]
[Black "Grandelicious"]
[Result "0-1"]
[WhiteElo "2641"]
[BlackElo "2898"]
[TimeControl "180+1"]
[EndTime "8:29:28 PST"]
[Termination "Grandelicious won by resignation"]

1. d4 Nf6 2. Nf3 g6 3. c4 Bg7 4. Nc3 O-O 5. Bg5 c5 6. d5 d6 7. Nd2 h6 8. Bh4 g5 9. Bg3 Nh5 10. e3 Nxg3 11. hxg3 Nd7 12. Qc2 a6 13. a4 f5 14. Be2 Nf6 15. O-O Bd7 16. Rae1 Qe8 17.
f4 Qg6 18. Bf3 Rae8 19. a5 h5 20. Bd1 gxf4 21. gxf4 h4 22. Nf3 h3 23. Ng5 hxg2 24.
Qxg2 Bh6 25. Rf3 Bxg5 26. Rg3 Ng4 27. fxg5 Kg7 28. e4 Ne5 29. Rh3 Rh8 30. Rxh8 Rxh8 31. Ne2 Nd3 32. Rf1 Rh5 33. Nf4 Nxf4 34. Bxh5 Nxh5 35.
exf5 Bxf5 36. Re1 Kf8 37. Rf1 Ke8 38. b3 Bc2 39. Qg4 e6 40. dxe6 Ng7 41. Rf6 Qd3 42. e7 Qe3+ 43. Kg2 Kxe7 44. Rf2 Be4+ 45. Kg1 Qe1+ 46. Rf1 Qe3+ 47. Kh2 Ne6 48. g6 Qh6+ 49. Kg3 Qxg6 50. Qxg6 Bxg6 51. Re1 Bc2 0-1

[Event "Early-Titled-Tuesday-Blitz-November-28-2023"]
[Site "Chess.com"]
[Date "2023.11.28"]
[Round "3"]
[White "Ezov"]
[Black "SayonaraPonytail"]
[Result "0-1"]
[WhiteElo "2244"]
[BlackElo "2542"]
[TimeControl "180+1"]
[EndTime "8:29:28 PST"]
[Termination "SayonaraPonytail won by resignation"]

1. d4 d5 2. Nc3 c6 3. Bf4 Nf6 4. Qd2 Bf5 5. O-O-O e6 6. f3 b5 7. g4 Bg6 8. h4 h5 9. g5 Nfd7 10. e4 b4 11. Na4 dxe4 12. fxe4 Bxe4 13. Rh3 Qa5 14.
b3 Nb6 15. Re3 Nxa4 16. bxa4 Bd5 17. c4 bxc3 18. Qxc3 Bb4 19. Qb2 Nd7 20. Nf3 O-O 21. Ne5 Nxe5 22. Bxe5 Qxa4 23. a3 Be7 24. Be2 Rfc8 25. Rc3 c5 26. dxc5 Rxc5 27. Rxc5 Bxc5 28. Rd3 Rc8 29. Kd2 Qxh4 30. Bxg7 Qxg5+ 31. Kd1 Qxg7 32. Qxg7+ Kxg7 33. Bxh5 f5 34. Rg3+ Kf6 35. Rg6+ Ke5 36. Rg7 Bd4 37. Be2 Bb3+ 38. Ke1 Rc1+ 39. Bd1 Rxd1+ 40.
Ke2 Ra1 41. a4 Ra2+ 42. Kd3 Bc2+ 43. Ke2 Be4+ 44. Kd1 Rxa4 45. Ke1 Be3 46. Ke2 Kf4 47. Ke1 Ra1+ 48. Ke2 Ra2+ 49. Ke1 Bf3 50. Rg4+ fxg4 0-1

[Event "Early-Titled-Tuesday-Blitz-November-28-2023"]
[Site "Chess.com"]
[Date "2023.11.28"]
[Round "3"]
[White "Chessbard1972"]
[Black "simonachess"]
[Result "0-1"]
[WhiteElo "2407"]
[BlackElo "2265"]
[TimeControl "180+1"]
[EndTime "8:29:29 PST"]
[Termination "simonachess won by resignation"]

1. d4 Nf6 2. c4 e6 3. Nf3 b6 4.
a3 Bb7 5. Nc3 d5 6. cxd5 Nxd5 7.
Qa4+ Nd7 8. e3 Bd6 9. Bd3 O-O 10. Bd2 Nxc3 11. Bxc3 Qe7 12. O-O e5 13. dxe5 Nxe5 14.
Nxe5 Bxe5 15. Bxe5 Qxe5 16. Qh4 h6 17. Qg3 Qxg3 18.
hxg3 Rfd8 19. Rfd1 Rd6 20. Bc4 Rad8 21. Rxd6 Rxd6 22.
b4 Kf8 23. Be2 Rd2 24. Bf3 Bxf3 25. gxf3 Ke7 26. f4 Kd6 27. Kg2 h5 28. Kf3 g6 29. e4 c5 30. bxc5+ bxc5 31. e5+ Kc6 32. Ke3 Rb2 33. f3 a5 34. g4 h4 35. Rh1 Rb3+ 36. Ke4 Rxa3 37. Rxh4 Rb3 38. Rh7 Rb7 39. f5 a4 40. e6 gxf5+ 41. gxf5 fxe6 42. Rh6 a3 43. fxe6 a2 44. e7+ Kd7 45. Ra6 Rb2 46. Ra7+ Ke8 47.
Kd5 Rc2 48. f4 c4 49. f5 c3 50. f6 Re2 51. Ra8+ Kf7 52. Rf8+ Kg6 53. Ra8 c2 54. Rxa2 c1=Q 55. Rxe2 Qd1+ 56. Kc6 Qxe2 57. Kd7 Kf7 58.
Kd8 Qd3+ 59. Kc8 Qe4 60. Kd8 Qd5+ 61. Kc7 Qe6 62. Kd8 Qd6+ 63. Kc8 Qxf6 0-1

[Event "Early-Titled-Tuesday-Blitz-November-28-2023"]
[Site "Chess.com"]
[Date "2023.11.28"]
[Round "3"]
[White "grunbergmihai"]
[Black "SlavenPastar"]
[Result "0-1"]
[WhiteElo "2497"]
[BlackElo "2655"]
[TimeControl "180+1"]
[EndTime "8:29:30 PST"]
[Termination "SlavenPastar won by resignation"]

1. Nf3 b6 2. d4 Bb7 3. c4 e6 4. a3 Nf6 5. Nc3 g6 6. Qc2 d5 7.
Bg5 Bg7 8. e3 O-O 9. Rd1 h6 10.
Bh4 Nbd7 11. Ne5 g5 12. Bg3 dxc4 13. Nxc4 Nd5 14. Nxd5 exd5 15. Ne5 Nxe5 16. Bxe5 Bxe5 17. dxe5 Qe7 18. Qf5 Bc8 19. Qf6 Qxf6 20. exf6 Rd8 21. h4 g4 22. Bb5 Bb7 23. Rd4 h5 24. f3 c6 25. Be2 Rd6 26. Rf4 Re8 27. Kd2 Rde6 28.
fxg4 Rxe3 29. Bd3 c5 30. gxh5 Rg3 31. Rh2 d4 32. h6 Ree3 33. Be2 Kh7 34. Rh3 Kxh6 35.
Rxg3 Rxg3 36. Bf3 Bxf3 37. gxf3 Rg2+ 38. Kc1 Kg6 39. Rg4+ Rxg4 40. fxg4 Kxf6 41. a4 Ke5 42. Kd2 Kf4 43. h5 Kg5 44. Kd3 f5 45. gxf5 Kxf5 46. Kc4 Kg5 47. a5 bxa5 48. b3 Kxh5 49. Kxc5 d3 0-1

[Event "Early-Titled-Tuesday-Blitz-November-28-2023"]
[Site "Chess.com"]
[Date "2023.11.28"]
[Round "3"]
[White "YouJustFoundYourGodfather"]
[Black "Daniel_Salinas"]
[Result "1-0"]
[WhiteElo "2599"]
[BlackElo "2417"]
[TimeControl "180+1"]
[EndTime "8:29:30 PST"]
[Termination "YouJustFoundYourGodfather won by resignation"]

1. e4 c5 2. Nc3 e6 3. Nf3 Nc6 4.
Bb5 Nd4 5. Bd3 d6 6. Nxd4 cxd4 7. Ne2 e5 8. c3 dxc3 9. bxc3 Nf6 10. Rb1 Be7 11. O-O O-O 12. Bc2 b6 13. Ng3 Be6 14. a4 Qc7 15. Bb3 Bxb3 16. Qxb3 Qc6 17. d3 d5 18. Nf5 Rfe8 19. f3 Bf8 20. Bg5 g6 21. Ne3 Bc5 22. Kh1 Bxe3 23. Bxe3 Rad8 24. Bg5 Rd7 25.
Bxf6 Qxf6 26. exd5 Rc8 27. c4 Qd6 28. Rfe1 f6 29. Re4 Rc5 30. Rbe1 a6 31. f4 exf4 32.
Re6 Qc7 33. Rxb6 Re7 34. Rb8+ Kg7 35. Rxe7+ Qxe7 36. Rb7 Rc7 37. Rxc7 Qxc7 38. d4 Qe7 39. Qd1 Qb4 40. Qc1 Qb3 41. c5 Qxd5 42. c6 Qd8 43.
c7 Qc8 44. d5 Kf7 45. Qc6 Ke7 46. Qe6+ 1-0